 Dungeon Crawl Stone Soup version 0.23.2-40-g277498a001 (webtiles) character file.

Game seed: 4777590740629616732

7534 Electrofox the Thaumaturge (level 10, -4/73 HPs)
             Began as a Yellow Draconian Air Elementalist on Aug 11, 2019.
             Was a Priest of Vehumet.
             Slain by a wraith (11 damage)
             ... led by Josephine
             ... on level 9 of the Dungeon on Aug 17, 2019.
             The game lasted 01:33:32 (13482 turns).

Electrofox the Thaumaturge (DrAE)                  Turns: 13482, Time: 01:33:32

Health: -4/73      AC:  9    Str: 11    XL:     10   Next: 96%
Magic:  13/24      EV: 12    Int: 19    God:    Vehumet [***...]
Gold:   577        SH:  4    Dex: 11    Spells: 11/29 levels left

rFire    . . .     SeeInvis +   B - +2 whip (freeze)
rCold    . . .     Gourm    .   D - +0 buckler
rNeg     . . .     Faith    .   (armour unavailable)
rPois    .         Spirit   .   (helmet restricted)
rElec    .         Reflect  .   y - +0 cloak
rCorr    +         Harm     .   l - +0 pair of gloves
MR       .....                  (no boots)
Stlth    +.........             (no amulet)
HPRegen  0.22/turn              h - ring of see invisible
MPRegen  0.19/turn              (no ring)

@: lethally poisoned (-4 -> -6), slowed, drained, very slow
A: spit acid, unfitting armour, cold-blooded, acid resistance, AC +7
a: Breathe Acid, Renounce Religion


You were on level 9 of the Dungeon.
You worshipped Vehumet.
Vehumet was most pleased with you.
You were not hungry.

You visited 2 branches of the dungeon, and saw 11 of its levels.

You collected 577 gold pieces.

Inventory:

Hand Weapons
 c - a +0 dagger
 u - a +0 flail of holy wrath
 B - a +2 whip of freezing (weapon)
 I - the +7 short sword "Electrofox's Doom" {drain, *Contam Fragile Int+9}
   (You took it off an orc on level 3 of the Dungeon)

   A truly terrible weapon, it drains the life of those it strikes.
   It affects your intelligence (+9).
   It causes magical contamination when unequipped.
   It will be destroyed if unequipped.
Missiles
 t - 7 poisoned javelins (quivered)
Armour
 l - a +0 pair of gloves (worn)
 y - a +0 cloak (worn)
 D - a +0 buckler (worn)
Jewellery
 h - a ring of see invisible (left hand)
Wands
 r - a wand of acid (10)
 s - a wand of flame (21)
 v - a wand of enslavement (11)
 w - a wand of iceblast (12)
 F - a wand of polymorph (5)
 G - a wand of paralysis (5)
Scrolls
 a - 3 scrolls of identify
 d - 3 scrolls of teleportation
 j - 4 scrolls of magic mapping {unknown}
 k - 2 scrolls of noise {unknown}
 m - a scroll of fog {unknown}
 n - a scroll of enchant weapon {unknown}
 o - 4 scrolls of remove curse
 q - 2 scrolls of enchant armour {unknown}
 x - a scroll of fear {unknown}
 z - a scroll of random uselessness {unknown}
 H - a scroll of blinking {unknown}
Potions
 e - a potion of lignification
 f - a potion of mutation
 g - a potion of cancellation
 i - 4 potions of curing
 p - 2 potions of haste
 A - a potion of heal wounds {unknown}
 C - a potion of agility {unknown}
 E - a potion of flight {unknown}
 J - a potion of magic {unknown}
Comestibles
 b - 10 rations


   Skills:
 + Level 2.2(1.2) Fighting
 + Level 2.6(1.6) Dodging
 - Level 1.7(0.8) Stealth
 - Level 4.0(2.9) Shields
 + Level 10.2(9.0) Spellcasting
 - Level 8.1(7.0) Conjurations
 - Level 9.1(7.9) Air Magic


You had 11 spell levels left.
You knew the following spells:

 Your Spells              Type           Power        Failure   Level  Hunger
a - Shock                 Conj/Air       ####         1%          1    None
b - Conjure Flame         Conj/Fire      ###.....     1%          3    None
c - Airstrike             Air            #####.....   1%          4    ###....
d - Sting                 Conj/Pois      ###.         1%          1    None
e - Flame Tongue          Conj/Fire      ###..        1%          1    None
f - Swiftness             Chrm/Air       ###.....     2%          2    None
g - Lightning Bolt        Conj/Air       #####.....   3%          5    #####..
h - Apportation           Tloc           #.....       9%          1    None

Your spell library contained the following spells:

 Spells                   Type           Power        Failure   Level  Hunger
 Static Discharge         Conj/Air       #####...     1%          3    None
 Animate Skeleton         Necr           N/A          9%          1    None
 Confusing Touch          Hex            #.....       9%          1    None
 Summon Small Mammal      Summ           #...         9%          1    None
 Irradiate                Conj/Tmut      ###.......   16%         5    #####..
 Hydra Form               Tmut           #.........   100%        6    ######.
 Statue Form              Tmut/Erth      #........    100%        6    ######.
 Dragon Form              Tmut           #.........   100%        7    #######


Dungeon Overview and Level Annotations

Branches:
Dungeon (10/15)            Temple (1/1) D:4
   Lair: D:8-11         Orc: D:9-12

Altars:
Ashenzari
Cheibriados
Dithmenos
Elyvilon
Fedhas
Gozag
Hepliaklqana
Kikubaaqudgha
Makhleb
Nemelex Xobeh
Okawaru
Qazlal
Ru
Sif Muna
Trog
Uskayaw
Vehumet
Wu Jian
Xom
Zin
The Shining One
Beogh

Shops:
D:4 *

Annotations:
D:1 exclusion: downstairs
D:7 exclusion: oklob plant
D:9 exclusion: door, Gastronok, Josephine


Innate Abilities, Weirdness & Mutations

You can spit globs of acid.
Your golden yellow scales are hard. (AC +7)
You cannot fit into any form of body armour.
You are cold-blooded and may be slowed by cold attacks.
You are resistant to acid. (rCorr)


Message History

Josephine is heavily wounded.
You feel very sick. The wraith hits you. Josephine closely misses you.
You feel better. The wraith hits you. The wraith drains your vigour!
You feel as though you will be slow longer.
Josephine points at you and mumbles some strange words.
The ghostly flame explodes!
The ghostly fireball engulfs you!!
You feel drained.
* * * LOW HITPOINT WARNING * * *
The ghostly fireball engulfs the wraith.
The wraith completely resists.
The ghostly fireball engulfs Josephine.
Josephine completely resists.
You block the wraith's attack.
Josephine hits you with a +2 dagger of venom.
* * * LOW HITPOINT WARNING * * *
You are poisoned.
You feel sick.
You see here a leopard gecko corpse.
You have got your breath back.
You feel sick. The wraith hits you!
You die...

#.##.# #..#.#####
#.##.# #####..#.#
#....#####........#
##.........###..###
#.#.####### #..#
##.#.#########..#
##.#.............#
#####.###>#########..#
#......#...@## #..#
#.#####....#W######..#
#<# #...###@#......#
#.#####....#..#.###.##
#.#........H#.#.###.###
#
#.#.###....##.........#
#
#.#.#......##.........#
#
#.#............####...#
# #.#...###.#.##.#
##..# #


You could see Josephine and a wraith.

Vanquished Creatures
  2 two-headed ogres
  Pikel (D:7)
  A hornet (D:9)
  3 hippogriffs
  The ghost of Ebilmort the Magician, an amateur OpWz (D:3)
  A spriggan (D:8)
  4 yaks
  A wraith (D:9)
  2 hungry ghosts (D:7)
  2 water moccasins
  2 orc warriors
  2 black bears
  An eye of draining (D:9)
  A sky beast (D:9)
  2 ice beasts
  3 ogres
  3 phantoms
  2 necrophages (D:8)
  4 centaurs
  3 bullfrogs
  A wyvern skeleton (D:7)
  4 scorpions
  3 howler monkeys
  A quasit (D:3)
  A bullfrog zombie (D:9)
  5 hounds
  4 jellies
  2 orc priests (D:3)
  A centaur skeleton (D:5)
  8 orc wizards
  4 iguanas
  13 worker ants
  A worker ant zombie (D:8)
  A howler monkey zombie (D:5)
  3 gnolls
  10 adders
  A howler monkey skeleton (D:6)
  3 adder skeletons
  6 worms
  2 dart slugs (D:1)
  10 leopard geckos
  36 orcs
  4 giant cockroaches
  9 goblins
  6 hobgoblins
  11 jackals
  2 quokkas
  5 bats
  8 frilled lizards
  A giant cockroach zombie (D:5)
  A jackal skeleton (D:8)
  15 kobolds
  2 quokka skeletons (D:4)
  6 rats
231 creatures vanquished.

Vanquished Creatures (others)
  2 slaves (D:7)
  A leopard gecko (D:9)
  3 orcs (D:7)
6 creatures vanquished.

Grand Total: 237 creatures vanquished

Notes
Turn   | Place    | Note
-------+----------+-------------------------------------------
     0 | D:1      | Electrofox the Draconian Air Elementalist began the quest
                  | for the Orb.
     0 | D:1      | Reached XP level 1. HP: 14/14 MP: 3/3
   263 | D:1      | Reached XP level 2. HP: 16/20 MP: 1/5
   717 | D:1      | Learned a level 2 spell: Swiftness
   979 | D:1      | Reached XP level 3. HP: 26/26 MP: 2/6
  2229 | D:2      | Reached XP level 4. HP: 33/33 MP: 3/7
  2546 | D:3      | Reached skill level 5 in Air Magic
  2674 | D:3      | Reached XP level 5. HP: 38/38 MP: 2/8
  3435 | D:3      | Found a runed translucent gate.
  3435 | D:3      | Noticed Ebilmort's ghost (amateur OpWz)
  3436 | D:3      | Found a runed translucent gate.
  3437 | D:3      | Found a runed translucent gate.
  3437 | D:3      | Identified the +7 short sword "Electrofox's Doom" {drain,
                  | *Contam Fragile Int+9}
  3437 | D:3      | Identified the +5 ring mail of Agoraphobia {Str+3}
  3438 | D:3      | Found a roughly hewn altar of Beogh.
  3642 | D:4      | Learned a level 4 spell: Airstrike
  3668 | D:4      | Reached XP level 6. HP: 44/45 MP: 4/10
  3764 | D:4      | Found a staircase to the Ecumenical Temple.
  3774 | Temple   | Entered the Ecumenical Temple
  4065 | Temple   | Became a worshipper of Vehumet
  4590 | D:4      | Noticed a hippogriff
  4693 | D:4      | Reached skill level 3 in Spellcasting
  4747 | D:4      | Found Tyaliap's Tempting Trifles.
  5150 | D:5      | Entered Level 5 of the Dungeon
  5170 | D:5      | Noticed a hippogriff
  5660 | D:4      | Your scales start taking on a golden yellow colour.
  5660 | D:4      | Reached XP level 7. HP: 46/50 MP: 7/12
  5660 | D:4      | Gained mutation: You are resistant to acid. (rCorr) [Yellow
                  | Draconian growth]
  6366 | D:5      | Reached skill level 4 in Spellcasting
  6471 | D:5      | Killed a hippogriff
  6615 | D:5      | Reached XP level 8. HP: 40/57 MP: 6/14
  6627 | D:5      | Reached skill level 5 in Conjurations
  6770 | D:5      | Reached * piety under Vehumet
  6770 | D:5      | Offered knowledge of Sting by Vehumet.
  7053 | D:5      | Reached skill level 5 in Spellcasting
  7135 | D:5      | Learned a level 1 spell: Sting
  7449 | D:6      | Reached skill level 6 in Spellcasting
  7876 | D:6      | Got an iridescent spear
  7877 | D:6      | Identified the +7 spear "Heoce" {vamp, Dex+3} (You found it
                  | on level 6 of the Dungeon)
  8052 | D:6      | Reached skill level 7 in Spellcasting
  8270 | D:7      | Offered knowledge of Flame Tongue by Vehumet.
  8395 | D:7      | Noticed a two-headed ogre
  8540 | D:7      | Reached ** piety under Vehumet
  8553 | D:7      | Reached skill level 8 in Spellcasting
  8553 | D:7      | Reached XP level 9. HP: 62/62 MP: 3/21
  8616 | D:7      | Found a radiant altar of Vehumet.
  8616 | D:7      | Noticed an oklob plant
  9101 | D:7      | Noticed Pikel
  9109 | D:7      | Killed Pikel
  9109 | D:7      | Reached skill level 9 in Spellcasting
  9127 | D:7      | Learned a level 1 spell: Flame Tongue
  9462 | D:7      | Reached skill level 10 in Spellcasting
  9638 | D:6      | Upgraded the game from 0.23.2-33-g5129a83184 to
                  | 0.23.2-40-g277498a001
  9905 | D:8      | Reached skill level 1 in Shields
 10427 | D:8      | Reached XP level 10. HP: 18/69 MP: 18/24
 11324 | D:9      | Noticed a two-headed ogre
 11623 | D:9      | Offered knowledge of Conjure Flame by Vehumet.
 11671 | D:9      | Learned a level 3 spell: Conjure Flame
 11677 | D:9      | Noticed Gastronok
 12855 | D:3      | Killed Ebilmort's ghost
 12863 | D:3      | Reached *** piety under Vehumet
 12995 | D:7      | Killed a two-headed ogre
 13111 | D:10     | Entered Level 10 of the Dungeon
 13114 | D:10     | Noticed Josephine
 13264 | D:9      | Killed a two-headed ogre
 13425 | D:9      | Learned a level 5 spell: Lightning Bolt
 13427 | D:9      | Learned a level 1 spell: Apportation
 13482 | D:9      | Slain by a wraith

Skill      XL: |  1  2  3  4  5  6  7  8  9 10 |
---------------+-------------------------------+-----
Air Magic      | 4 5 6 7 9 |  9.1
Conjurations   | 2 4 5 8 |  8.1
Spellcasting   | 3 4 8 10 | 10.2
Shields        | 2 4 |  4.0
Fighting       | 2 |  2.2
Dodging        | 2 |  2.6
Stealth        | |  1.7

Action                   |  1- 3 |  4- 6 |  7- 9 | 10-12 || total
-------------------------+-------+-------+-------+-------++-------
Melee: Unarmed           |    14 |       |       |       ||    14
       Tailslap          |     9 |     2 |     3 |     2 ||    16
       Dagger            |    35 |    14 |    19 |       ||    68
       Whip              |       |       |     1 |     3 ||     4
Throw: Javelin           |       |       |       |     1 ||     1
 Cast: Shock             |    79 |   149 |   263 |   182 ||   673
       Airstrike         |       |       |    15 |    19 ||    34
       Sting             |       |       |    17 |    11 ||    28
       Flame Tongue      |       |       |     3 |       ||     3
       Swiftness         |       |       |     1 |     4 ||     5
       Conjure Flame     |       |       |       |     5 ||     5
       Apportation       |       |       |       |     1 ||     1
 Abil: Breathe Acid      |       |       |     2 |     2 ||     4
Evoke: Wand              |       |       |     1 |       ||     1
  Use: Scroll            |       |       |     9 |       ||     9
       Potion            |       |       |       |     1 ||     1
 Stab: Sleeping          |       |     1 |       |       ||     1
  Eat: Chunk             |     5 |     9 |    10 |     9 ||    33
       Ration            |       |     1 |     2 |     1 ||     4
Armor: Skin              |    25 |    28 |    23 |    36 ||   112
Dodge: Dodged            |    66 |    44 |    85 |    71 ||   266
Block: Buckler           |       |       |     3 |    29 ||    32
